Blues vs Penguins
(R1)
Created - 19 mai 2016 at 19:07
Goals
|
| Blues |
2 |
1 |
2 |
5 |
| Penguins |
0 |
2 |
1 |
3 |
|
Shots
|
| Blues |
7 |
16 |
12 |
35 |
| Penguins |
6 |
8 |
13 |
27 |
|
1st period
1. Blues , Joe Pavelski 8 (Nik Antropov) at 7:48
2. Blues , Alex Pietrangelo 7 (Lee Stempniak, Bryce Lampman) at 10:18
Penalties :
Sean Zimmerman (Pit) for Roughing (Minor) at 10:33, Guillaume Latendresse (STL) for Holding (Minor) at 15:23, Denis Arkhipov (Pit) for Slashing (Minor) at 17:59
2nd period
3. Penguins , Bobby Ryan 4 (Brendan Smith, Steven Stamkos) at 3:26
4. Penguins , Steven Stamkos 6 (Dustin Penner) at 14:40 (PP)
5. Blues , Alex Pietrangelo 8 (Paul Kariya, Sergei Shirokov) at 19:38
Penalties :
Dustin Penner (Pit) for Holding Stick (Minor) at 0:29, Ryan Whitney (STL) for Unsportsmanlike conduct (Minor) at 5:57, Alex Pietrangelo (STL) for High sticking (Minor) at 14:06
3rd period
6. Penguins , Sean Zimmerman 2 (Dion Phaneuf) at 1:34 (PP)
7. Blues , Sergei Shirokov 3 (Travis Zajac, Paul Kariya) at 18:33
8. Blues , Guillaume Latendresse 5 (Nik Antropov, Bryce Lampman) at 19:21
Penalties :
Darren Reid (STL) for Cross-checking (Minor) at 0:46, David Perron (STL) for Hooking (Minor) at 4:03, Paul Kariya (STL) for Hooking (Minor) at 7:30, Darren Reid (STL) for Roughing (Minor) at 12:10
Goalie Stats
Tuukka Rask (STL), 24 saves from 27 shots - (0,889), W, 8-5-0, 60:00 minutes
Josh Tordjman (Pit), 30 saves from 35 shots - (0,857), L, 2-1-0, 60:00 minutes
Players Stats for Blues
Player Name G A P +/- PIM S H SB GA TA FO MP PP MP PK MP
------------------------------------------------------------------------------------
Alex Pietrangelo 2 0 2 3 2 6 1 3 2 0 0/0 25:54 3:36 4:46
Bryce Lampman 0 2 2 4 0 0 2 1 0 2 0/0 26:42 0:00 6:52
Darren Reid 0 0 0 0 4 1 2 0 1 0 0/1 14:06 2:39 0:00
David Perron 0 0 0 1 2 4 0 0 0 0 2/3 16:49 3:18 0:22
Drew Fata 0 0 0 2 0 2 0 2 0 2 0/0 20:35 0:00 4:25
Guillaume Latendresse 1 0 1 1 2 1 1 0 0 0 1/1 13:27 0:00 0:44
Jake Gardiner 0 0 0 0 0 1 0 3 0 1 0/0 17:39 3:36 1:27
Joe Pavelski 1 0 1 2 0 5 2 1 1 0 0/0 16:53 3:18 0:00
Lasse Kukkonen 0 0 0 0 0 2 1 0 0 1 0/0 18:25 2:21 4:25
Lee Stempniak 0 1 1 0 0 0 1 0 0 0 0/0 7:15 0:00 0:00
Nicklas Backstrom 0 0 0 0 0 2 3 1 0 0 2/5 15:04 2:39 0:49
Nik Antropov 0 2 2 2 0 4 2 0 0 0 26/44 20:46 0:00 7:02
Paul Kariya 0 2 2 2 2 0 1 1 0 1 0/0 12:15 2:39 0:00
Ryan Whitney 0 0 0 -1 2 2 1 0 0 1 0/0 10:50 2:21 0:39
Sergei Shirokov 1 1 2 2 0 2 2 0 0 0 1/1 13:35 0:00 3:26
Taylor Pyatt 0 0 0 0 0 1 1 1 0 0 0/0 14:28 0:00 7:02
Travis Zajac 0 1 1 2 0 0 0 1 0 0 5/11 12:48 3:18 0:00
Tyler Arnason 0 0 0 0 0 2 0 1 0 0 2/3 11:05 0:00 3:09
Players Stats for Penguins
Player Name G A P +/- PIM S H SB GA TA FO MP PP MP PK MP
------------------------------------------------------------------------------------
Bobby Ryan 1 0 1 -1 0 1 2 0 0 0 0/1 19:14 4:46 1:47
Brendan Smith 0 1 1 1 0 0 2 0 0 1 0/0 8:56 0:00 0:48
Brian McGrattan 0 0 0 0 0 1 0 0 0 0 0/0 6:46 0:00 0:00
Brooks Orpik 0 0 0 -2 0 1 4 2 0 0 0/0 20:18 4:16 2:05
David Jones 0 0 0 -1 0 0 1 0 0 1 0/0 8:47 0:00 0:00
Denis Arkhipov 0 0 0 0 2 0 2 0 0 0 1/1 7:20 0:00 0:34
Dion Phaneuf 0 1 1 -3 0 3 2 3 3 0 0/0 31:36 7:01 3:52
Duncan Keith 0 0 0 -2 0 0 0 2 0 0 0/0 20:36 4:16 2:34
Dustin Penner 0 1 1 -1 2 2 2 1 0 0 0/0 18:19 4:46 0:50
Ladislav Nagy 0 0 0 0 0 3 0 0 0 0 0/0 7:22 0:00 0:08
Nathan Horton 0 0 0 -2 0 4 2 1 1 1 1/2 23:11 6:31 2:11
Oleg Kvasha 0 0 0 -1 0 0 0 0 0 0 1/9 9:07 0:00 0:20
Paul Ranger 0 0 0 1 0 0 0 0 0 0 0/0 8:08 0:00 0:00
Ryan Kesler 0 0 0 -2 0 4 1 1 1 0 18/42 24:05 6:31 3:02
Sean Zimmerman 1 0 1 -3 2 2 1 2 0 0 0/0 30:49 7:01 2:35
Simon Gagné 0 0 0 -2 0 3 3 0 0 0 5/5 23:37 6:31 3:02
Steve Sullivan 0 0 0 -1 0 0 2 0 1 0 0/0 8:47 0:00 0:00
Steven Stamkos 1 1 2 -1 0 3 2 0 2 1 4/9 17:02 4:46 0:00
3 Stars
1 - Alex Pietrangelo (STL)
2 - Bryce Lampman (STL)
3 - Sergei Shirokov (STL)
Power Play
Blues - 0 on 3 Attempt(s) - 0,00%
Penguins - 2 on 7 Attempt(s) - 28,57%
Penalty Kill
Blues - 5 on 7 Attempt(s) - 71,43%
- Score 0 goal in Penalty Kill
Penguins - 3 on 3 Attempt(s) - 100,00%
- Score 0 goal in Penalty Kill
Team Stat
Blues - Hits : 20 - Faceoff Wins : 39 - Blocked Shots : 15 - Penalty Minutes : 14
Penguins - Hits : 26 - Faceoff Wins : 30 - Blocked Shots : 12 - Penalty Minutes : 6
Official
Referees : Charron Francis and Watson Brad
Linesman : Bryan Pancich and Lonnie Cameron
Game Notes
Alex Pietrangelo is injured at 11:30 of 3rd period (Strained Right Knee)
18:33 of 3rd period - Blues goal is going for a video replay. After video review, Goal.
Finance
Level 1 -- Attendance: 6000 (100,00%) -- Ticket Income 462 000 $
Level 2 -- Attendance: 5000 (100,00%) -- Ticket Income 225 000 $
Level 3 -- Attendance: 2000 (100,00%) -- Ticket Income 56 000 $
Level 4 -- Attendance: 4000 (100,00%) -- Ticket Income 80 000 $
Luxury Box -- Attendance: 1000 (100,00%) -- Ticket Income 160 000 $
Game was played at the Igloo.
Total Attendance: 18000 (100,00%)
Total Ticket Income: 983 000 $
Other Income: 147 450 $
Total Income: 1 130 450 $
Blues
5 vs 5 Forward
Center Left Wing Right Wing Time % Phy DF OF
1 Nik Antropov David Perron Joe Pavelski 40 1 2 2
2 Nicklas Backstrom Guillaume Latendresse Darren Reid 30 1 2 2
3 Travis Zajac Paul Kariya Sergei Shirokov 20 1 2 2
4 Tyler Arnason Taylor Pyatt Lee Stempniak 10 1 2 2
5 vs 5 Defense
Defense Defense Time % Phy DF OF
1 Bryce Lampman Alex Pietrangelo 40 1 2 2
2 Drew Fata Jake Gardiner 30 1 2 2
3 Lasse Kukkonen Ryan Whitney 20 1 2 2
4 Alex Pietrangelo Lasse Kukkonen 10 1 2 2
PowerPlay Forward
Center Left Wing Right Wing Time % Phy DF OF
1 Travis Zajac David Perron Joe Pavelski 60 1 2 2
2 Nicklas Backstrom Paul Kariya Darren Reid 40 1 2 2
PowerPlay Defense
Defense Defense Time % Phy DF OF
1 Jake Gardiner Alex Pietrangelo 60 1 2 2
2 Lasse Kukkonen Ryan Whitney 40 1 2 2
Penalty Kill 4 Players Forward
Center Wing Time % Phy DF OF
1 Nik Antropov Taylor Pyatt 60 1 2 2
2 Tyler Arnason Sergei Shirokov 40 1 2 2
Penalty Kill 4 Players Defense
Defense Defense Time % Phy DF OF
1 Bryce Lampman Alex Pietrangelo 60 1 2 2
2 Lasse Kukkonen Drew Fata 40 1 2 2
Penalty Kill - 3 Players Forward
Forward Time % Phy DF OF
1 Taylor Pyatt 60 1 2 2
2 Nik Antropov 40 1 2 2
Penalty Kill - 3 Players Defense
Defense Defense Time % Phy DF OF
1 Bryce Lampman Alex Pietrangelo 60 1 2 2
2 Lasse Kukkonen Drew Fata 40 1 2 2
4 vs 4 Forward
Center Wing Time % Phy DF OF
1 Nik Antropov David Perron 60 1 2 2
2 Nicklas Backstrom Joe Pavelski 40 1 2 2
4 vs 4 Defense
Defense Defense Time % Phy DF OF
1 Bryce Lampman Alex Pietrangelo 60 1 2 2
2 Lasse Kukkonen Jake Gardiner 40 1 2 2
Last Minutes Offensive
Center Left Wing Right Wing Defense Defense
Travis Zajac David Perron Joe Pavelski Jake Gardiner Alex Pietrangelo
Last Minutes Defensive
Center Left Wing Right Wing Defense Defense
Nik Antropov Guillaume Latendresse Joe Pavelski Bryce Lampman Drew Fata
Goaltenders
Starting : Tuukka Rask
Backup : Adam Munro
Extra Forwards
Normal : Nicklas Backstrom, David Perron, Sergei Shirokov - PP : Nicklas Backstrom, David Perron - PK : Sergei Shirokov
Extra Defensemen
Normal : Lasse Kukkonen, Drew Fata, Jake Gardiner - PP : Drew Fata - PK : Jake Gardiner, Ryan Whitney
Penalty Shots
Travis Zajac, Nik Antropov, Paul Kariya, Joe Pavelski, Nicklas Backstrom
Penguins
5 vs 5 Forward
Center Left Wing Right Wing Time % Phy DF OF
1 Ryan Kesler Simon Gagné Nathan Horton 40 0 2 3
2 Steven Stamkos Dustin Penner Bobby Ryan 30 0 2 3
3 Oleg Kvasha Steve Sullivan David Jones 20 0 2 3
4 Denis Arkhipov Ladislav Nagy Brian McGrattan 10 0 2 3
5 vs 5 Defense
Defense Defense Time % Phy DF OF
1 Sean Zimmerman Dion Phaneuf 40 1 2 2
2 Brooks Orpik Duncan Keith 30 1 2 2
3 Paul Ranger Brendan Smith 20 1 2 2
4 Sean Zimmerman Dion Phaneuf 10 1 2 2
PowerPlay Forward
Center Left Wing Right Wing Time % Phy DF OF
1 Ryan Kesler Simon Gagné Nathan Horton 60 0 1 4
2 Steven Stamkos Dustin Penner Bobby Ryan 40 0 1 4
PowerPlay Defense
Defense Defense Time % Phy DF OF
1 Sean Zimmerman Dion Phaneuf 60 0 2 3
2 Brooks Orpik Duncan Keith 40 0 2 3
Penalty Kill 4 Players Forward
Center Wing Time % Phy DF OF
1 Ryan Kesler Simon Gagné 60 0 4 1
2 Nathan Horton Bobby Ryan 40 0 4 1
Penalty Kill 4 Players Defense
Defense Defense Time % Phy DF OF
1 Sean Zimmerman Dion Phaneuf 60 1 4 0
2 Brooks Orpik Duncan Keith 40 1 4 0
Penalty Kill - 3 Players Forward
Forward Time % Phy DF OF
1 Ryan Kesler 60 0 4 1
2 Simon Gagné 40 0 4 1
Penalty Kill - 3 Players Defense
Defense Defense Time % Phy DF OF
1 Sean Zimmerman Dion Phaneuf 60 1 4 0
2 Brooks Orpik Duncan Keith 40 1 4 0
4 vs 4 Forward
Center Wing Time % Phy DF OF
1 Ryan Kesler Simon Gagné 60 0 2 3
2 Nathan Horton Bobby Ryan 40 0 2 3
4 vs 4 Defense
Defense Defense Time % Phy DF OF
1 Sean Zimmerman Dion Phaneuf 60 1 2 2
2 Brooks Orpik Duncan Keith 40 1 2 2
Last Minutes Offensive
Center Left Wing Right Wing Defense Defense
Ryan Kesler Simon Gagné Nathan Horton Sean Zimmerman Dion Phaneuf
Last Minutes Defensive
Center Left Wing Right Wing Defense Defense
Ryan Kesler Simon Gagné Nathan Horton Sean Zimmerman Dion Phaneuf
Goaltenders
Starting : Josh Tordjman
Backup : Brian Elliott
Extra Forwards
Normal : Steven Stamkos, Ryan Kesler, Oleg Kvasha - PP : Steven Stamkos, Ryan Kesler - PK : Nathan Horton
Extra Defensemen
Normal : Dion Phaneuf, Duncan Keith, Brendan Smith - PP : Brendan Smith - PK : Dion Phaneuf, Duncan Keith
Penalty Shots
Ryan Kesler, Simon Gagné, Nathan Horton, Bobby Ryan, Dustin Penner
% Time on Ice - Blues
Lines # - Real PCT - Wanted PCT - Time Play
Normal Forward
1 - 32% - 40% - 13:17
2 - 29% - 30% - 12:10
3 - 22% - 20% - 9:28
4 - 17% - 10% - 7:15
Normal Defense
1 - 46% - 40% - 19:23
2 - 32% - 30% - 13:17
3 - 18% - 20% - 7:44
4 - 4% - 10% - 1:46
PP Forward
1 - 55% - 60% - 3:18
2 - 45% - 40% - 2:39
PP Defense
1 - 61% - 60% - 3:36
2 - 39% - 40% - 2:21
PK Forward
1 - 72% - 60% - 8:08
2 - 28% - 40% - 3:09
PK Defense
1 - 61% - 60% - 6:52
2 - 39% - 40% - 4:25
PK3 Forward
1 - 0% - 60%
2 - 0% - 40%
PK3 Defense
1 - 0% - 60%
2 - 0% - 40%
44 Forward
1 - 0% - 60%
2 - 0% - 40%
44 Defense
1 - 0% - 60%
2 - 0% - 40%
Last Minute Offensive - 0:00
Last Minute Defensive - 0:36
Total
Forward - 60:00
Defense - 60:00
|
% Time on Ice - Penguins
Lines # - Real PCT - Wanted PCT - Time Play
Normal Forward
1 - 33% - 40% - 13:56
2 - 30% - 30% - 12:41
3 - 21% - 20% - 8:47
4 - 16% - 10% - 6:46
Normal Defense
1 - 45% - 40% - 19:02
2 - 32% - 30% - 13:38
3 - 18% - 20% - 7:40
4 - 4% - 10% - 1:50
PP Forward
1 - 58% - 60% - 6:31
2 - 42% - 40% - 4:46
PP Defense
1 - 62% - 60% - 7:01
2 - 38% - 40% - 4:16
PK Forward
1 - 70% - 60% - 4:10
2 - 30% - 40% - 1:47
PK Defense
1 - 65% - 60% - 3:52
2 - 35% - 40% - 2:05
PK3 Forward
1 - 0% - 60%
2 - 0% - 40%
PK3 Defense
1 - 0% - 60%
2 - 0% - 40%
44 Forward
1 - 0% - 60%
2 - 0% - 40%
44 Defense
1 - 0% - 60%
2 - 0% - 40%
Last Minute Offensive - 0:36
Last Minute Defensive - 0:00
Total
Forward - 60:00
Defense - 60:00
|
Play by Play
1st period
0:01 of 1st period - Ryan Kesler wins face-off versus Nik Antropov in neutral zone.
0:41 of 1st period - Dustin Penner is hit by Guillaume Latendresse and loses puck.
1:02 of 1st period - Snap shot by Paul Kariya.
1:02 of 1st period - Shot Misses the Net.
1:20 of 1st period - Backhand shot by Brian McGrattan.
1:20 of 1st period - Shot Blocked by Drew Fata.
1:22 of 1st period - Slapshot by Dion Phaneuf.
1:22 of 1st period - Stopped by Tuukka Rask with a rebound.
1:48 of 1st period - Slapshot by Steven Stamkos.
1:48 of 1st period - Shot Misses the Net.
1:50 of 1st period - Slapshot by Dion Phaneuf.
1:50 of 1st period - Deflect By Lasse Kukkonen.
1:50 of 1st period - Stopped by Tuukka Rask without a rebound.
1:51 of 1st period - Simon Gagné wins face-off versus David Perron in Blues zone.
2:16 of 1st period - Alex Pietrangelo is hit by Brooks Orpik and loses puck.
2:39 of 1st period - Snap shot by Steve Sullivan.
2:39 of 1st period - Shot Blocked by Nicklas Backstrom.
3:00 of 1st period - Duncan Keith is hit by Bryce Lampman and loses puck.
3:19 of 1st period - Drew Fata is hit by Brooks Orpik and loses puck.
4:03 of 1st period - Wrist shot by Nicklas Backstrom.
4:03 of 1st period - Shot Misses the Net.
4:05 of 1st period - Slapshot by Darren Reid.
4:05 of 1st period - Stopped by Josh Tordjman with a rebound.
5:18 of 1st period - Snap shot by Steven Stamkos.
5:18 of 1st period - Deflect By Lasse Kukkonen.
5:18 of 1st period - Shot Misses the Net.
5:18 of 1st period - Puck is out of play.
5:19 of 1st period - Nik Antropov wins face-off versus Ryan Kesler in Blues zone.
5:30 of 1st period - Wrist shot by Simon Gagné.
5:30 of 1st period - Stopped by Tuukka Rask without a rebound.
5:31 of 1st period - Nik Antropov wins face-off versus Ryan Kesler in Blues zone.
5:38 of 1st period - Wrist shot by Joe Pavelski.
5:38 of 1st period - Deflect By Nathan Horton.
5:38 of 1st period - Stopped by Josh Tordjman with a rebound.
5:56 of 1st period - Sergei Shirokov is hit by Brooks Orpik and loses puck.
6:07 of 1st period - Snap shot by Bobby Ryan.
6:07 of 1st period - Shot Blocked by Paul Kariya.
6:39 of 1st period - Brendan Smith is hit by Joe Pavelski and loses puck.
6:46 of 1st period - Slapshot by Nik Antropov.
6:46 of 1st period - Stopped by Josh Tordjman without a rebound.
6:47 of 1st period - Ryan Kesler wins face-off versus Tyler Arnason in Penguins zone.
7:14 of 1st period - Dustin Penner is hit by Nik Antropov and loses puck.
7:21 of 1st period - Snap shot by Nik Antropov.
7:21 of 1st period - Deflect By David Perron.
7:21 of 1st period - Shot Misses the Net.
7:21 of 1st period - Puck is out of play.
7:22 of 1st period - Nik Antropov wins face-off versus Oleg Kvasha in Penguins zone.
7:25 of 1st period - Snap shot by David Perron.
7:25 of 1st period - Stopped by Josh Tordjman with a rebound.
7:27 of 1st period - Slapshot by Joe Pavelski.
7:27 of 1st period - Deflect By David Perron.
7:27 of 1st period - Shot Blocked by Brooks Orpik.
7:27 of 1st period - Puck is out of play.
7:28 of 1st period - Nik Antropov wins face-off versus Oleg Kvasha in Penguins zone.
7:31 of 1st period - Wrist shot by Joe Pavelski.
7:31 of 1st period - Deflect By Brooks Orpik.
7:31 of 1st period - Shot Misses the Net.
7:31 of 1st period - Puck is out of play.
7:32 of 1st period - Nik Antropov wins face-off versus Oleg Kvasha in Penguins zone.
7:42 of 1st period - Icing by Brooks Orpik.
7:43 of 1st period - Nik Antropov wins face-off versus Oleg Kvasha in Penguins zone.
7:46 of 1st period - Slapshot by Joe Pavelski.
7:46 of 1st period - Stopped by Josh Tordjman with a rebound.
7:48 of 1st period - Wrist shot by Nik Antropov.
7:48 of 1st period - Deflect By Joe Pavelski.
7:48 of 1st period - Goal by Joe Pavelski - Blues : 1 - Penguins : 0.
7:49 of 1st period - Ryan Kesler wins face-off versus Nik Antropov in neutral zone.
7:52 of 1st period - Snap shot by Simon Gagné.
7:52 of 1st period - Shot Blocked by Joe Pavelski.
7:58 of 1st period - Wrist shot by Ryan Kesler.
7:58 of 1st period - Stopped by Tuukka Rask with a rebound.
8:16 of 1st period - Darren Reid is hit by David Jones and loses puck.
8:31 of 1st period - Steve Sullivan is hit by Darren Reid and loses puck.
9:07 of 1st period - Paul Ranger is hit by Taylor Pyatt and loses puck.
10:01 of 1st period - Bryce Lampman is hit by Sean Zimmerman and loses puck.
10:16 of 1st period - Wrist shot by Lee Stempniak.
10:16 of 1st period - Shot Misses the Net.
10:18 of 1st period - Wrist shot by Alex Pietrangelo.
10:18 of 1st period - Deflect By Bobby Ryan.
10:18 of 1st period - Goal by Alex Pietrangelo - Blues : 2 - Penguins : 0.
10:19 of 1st period - Ryan Kesler wins face-off versus Nik Antropov in neutral zone.
10:26 of 1st period - Snap shot by Ryan Kesler.
10:26 of 1st period - Shot Misses the Net.
10:33 of 1st period - Minor Penalty to Sean Zimmerman for Roughing.
10:34 of 1st period - Ryan Kesler wins face-off versus Travis Zajac in Penguins zone.
10:50 of 1st period - Wrist shot by Travis Zajac.
10:50 of 1st period - Shot Misses the Net.
11:28 of 1st period - Joe Pavelski is hit by Brendan Smith and loses puck.
12:33 of 1st period - Penalty to Sean Zimmerman is over, Sean Zimmerman is back on ice.
12:46 of 1st period - Wrist shot by Lee Stempniak.
12:46 of 1st period - Shot Misses the Net.
13:46 of 1st period - David Perron is hit by Denis Arkhipov and loses puck.
14:19 of 1st period - Bryce Lampman is hit by Nathan Horton.
14:29 of 1st period - Travis Zajac is hit by Steve Sullivan and loses puck.
14:50 of 1st period - Wrist shot by Ladislav Nagy.
14:50 of 1st period - Stopped by Tuukka Rask with a rebound.
15:14 of 1st period - Lasse Kukkonen is hit by Ryan Kesler and loses puck.
15:23 of 1st period - Minor Penalty to Guillaume Latendresse for Holding.
15:24 of 1st period - Ryan Kesler wins face-off versus Nik Antropov in Blues zone.
15:27 of 1st period - Snap shot by Nathan Horton.
15:27 of 1st period - Stopped by Tuukka Rask with a rebound.
16:29 of 1st period - Drew Fata is hit by Dustin Penner and loses puck.
16:41 of 1st period - Icing by Nathan Horton.
16:42 of 1st period - Ryan Kesler wins face-off versus Nicklas Backstrom in Penguins zone.
17:23 of 1st period - Penalty to Guillaume Latendresse is over, Guillaume Latendresse is back on ice.
17:46 of 1st period - Snap shot by Brian McGrattan.
17:46 of 1st period - Shot Misses the Net.
17:59 of 1st period - Minor Penalty to Denis Arkhipov for Slashing.
18:00 of 1st period - Travis Zajac wins face-off versus Ryan Kesler in Penguins zone.
19:59 of 1st period - Penalty to Denis Arkhipov is over, Denis Arkhipov is back on ice.
Goals for this period are 2 for Blues vs 0 for Penguins.
Shots for this period are 7 for Blues vs 6 for Penguins.
2nd period
0:01 of 2nd period - Nik Antropov wins face-off versus Ryan Kesler in neutral zone.
0:04 of 2nd period - Sean Zimmerman is hit by Bryce Lampman and loses puck.
0:29 of 2nd period - Minor Penalty to Dustin Penner for Holding Stick.
0:30 of 2nd period - Ryan Kesler wins face-off versus Travis Zajac in Penguins zone.
0:40 of 2nd period - Slapshot by Alex Pietrangelo.
0:40 of 2nd period - Stopped by Josh Tordjman without a rebound.
0:41 of 2nd period - Simon Gagné wins face-off versus Travis Zajac in Penguins zone.
2:15 of 2nd period - Dion Phaneuf is hit by Nicklas Backstrom and loses puck.
2:29 of 2nd period - Penalty to Dustin Penner is over, Dustin Penner is back on ice.
3:02 of 2nd period - Slapshot by Duncan Keith.
3:02 of 2nd period - Shot Blocked by Travis Zajac.
3:08 of 2nd period - Wrist shot by Oleg Kvasha.
3:08 of 2nd period - Deflect By Steve Sullivan.
3:08 of 2nd period - Shot Misses the Net.
3:08 of 2nd period - Puck is out of play.
3:09 of 2nd period - Sergei Shirokov wins face-off versus Oleg Kvasha in Blues zone.
3:20 of 2nd period - Wrist shot by Steven Stamkos.
3:20 of 2nd period - Shot Blocked by Taylor Pyatt.
3:22 of 2nd period - Wrist shot by Steven Stamkos.
3:22 of 2nd period - Shot Misses the Net.
3:24 of 2nd period - Slapshot by Brendan Smith.
3:24 of 2nd period - Shot Misses the Net.
3:26 of 2nd period - Wrist shot by Bobby Ryan.
3:26 of 2nd period - Goal by Bobby Ryan - Blues : 2 - Penguins : 1.
3:27 of 2nd period - Steven Stamkos wins face-off versus Nik Antropov in neutral zone.
3:52 of 2nd period - Nathan Horton is hit by Sergei Shirokov and loses puck.
4:03 of 2nd period - Snap shot by Nathan Horton.
4:03 of 2nd period - Stopped by Tuukka Rask without a rebound.
4:04 of 2nd period - Nik Antropov wins face-off versus Ryan Kesler in Blues zone.
5:57 of 2nd period - Minor Penalty to Ryan Whitney for Unsportsmanlike conduct.
5:58 of 2nd period - Ryan Kesler wins face-off versus Nik Antropov in Blues zone.
6:12 of 2nd period - Wrist shot by Taylor Pyatt.
6:12 of 2nd period - Stopped by Josh Tordjman without a rebound.
6:13 of 2nd period - Nik Antropov wins face-off versus Ryan Kesler in Penguins zone.
6:26 of 2nd period - Wrist shot by Simon Gagné.
6:26 of 2nd period - Shot Misses the Net.
6:52 of 2nd period - Wrist shot by Dustin Penner.
6:52 of 2nd period - Stopped by Tuukka Rask with a rebound.
7:41 of 2nd period - Drew Fata is hit by Dustin Penner and loses puck.
7:54 of 2nd period - Nicklas Backstrom is hit by Steven Stamkos and loses puck.
7:57 of 2nd period - Penalty to Ryan Whitney is over, Ryan Whitney is back on ice.
8:03 of 2nd period - Wrist shot by Nicklas Backstrom.
8:03 of 2nd period - Deflect By Guillaume Latendresse.
8:03 of 2nd period - Shot Blocked by Dion Phaneuf.
8:03 of 2nd period - Puck is out of play.
8:04 of 2nd period - Oleg Kvasha wins face-off versus Nicklas Backstrom in Penguins zone.
8:42 of 2nd period - Jake Gardiner is hit by Simon Gagné and loses puck.
8:57 of 2nd period - Slapshot by Joe Pavelski.
8:57 of 2nd period - Shot Misses the Net.
8:59 of 2nd period - Wrist shot by Nik Antropov.
8:59 of 2nd period - Stopped by Josh Tordjman with a rebound.
9:01 of 2nd period - Slapshot by Jake Gardiner.
9:01 of 2nd period - Stopped by Josh Tordjman without a rebound.
9:02 of 2nd period - Nik Antropov wins face-off versus Ryan Kesler in Penguins zone.
9:46 of 2nd period - Wrist shot by Ladislav Nagy.
9:46 of 2nd period - Shot Misses the Net.
10:00 of 2nd period - Slapshot by Alex Pietrangelo.
10:00 of 2nd period - Shot Blocked by Duncan Keith.
10:11 of 2nd period - Ladislav Nagy is hit by Ryan Whitney.
10:21 of 2nd period - Snap shot by Ryan Kesler.
10:21 of 2nd period - Shot Blocked by Tyler Arnason.
10:35 of 2nd period - Wrist shot by Joe Pavelski.
10:35 of 2nd period - Shot Misses the Net.
10:37 of 2nd period - Slapshot by Ryan Whitney.
10:37 of 2nd period - Deflect By Dion Phaneuf.
10:37 of 2nd period - Stopped by Josh Tordjman without a rebound.
10:38 of 2nd period - David Perron wins face-off versus Steven Stamkos in Penguins zone.
10:39 of 2nd period - Snap shot by Joe Pavelski.
10:39 of 2nd period - Shot Misses the Net.
10:41 of 2nd period - Snap shot by Nik Antropov.
10:41 of 2nd period - Stopped by Josh Tordjman with a rebound.
10:43 of 2nd period - Slapshot by Jake Gardiner.
10:43 of 2nd period - Shot Blocked by Dion Phaneuf.
10:45 of 2nd period - Slapshot by Drew Fata.
10:45 of 2nd period - Stopped by Josh Tordjman without a rebound.
10:46 of 2nd period - David Perron wins face-off versus Steven Stamkos in Penguins zone.
10:51 of 2nd period - Slapshot by David Perron.
10:51 of 2nd period - Stopped by Josh Tordjman with a rebound.
11:09 of 2nd period - Slapshot by Steven Stamkos.
11:09 of 2nd period - Shot Misses the Net.
11:11 of 2nd period - Snap shot by Bobby Ryan.
11:11 of 2nd period - Shot Misses the Net.
11:13 of 2nd period - Wrist shot by Sean Zimmerman.
11:13 of 2nd period - Shot Blocked by Jake Gardiner.
11:49 of 2nd period - Wrist shot by David Perron.
11:49 of 2nd period - Stopped by Josh Tordjman without a rebound.
11:50 of 2nd period - Nicklas Backstrom wins face-off versus Ryan Kesler in Penguins zone.
11:53 of 2nd period - Snap shot by Nicklas Backstrom.
11:53 of 2nd period - Stopped by Josh Tordjman without a rebound.
11:54 of 2nd period - Nicklas Backstrom wins face-off versus Ryan Kesler in Penguins zone.
12:03 of 2nd period - Bryce Lampman is hit by Simon Gagné and loses puck.
12:32 of 2nd period - Snap shot by David Jones.
12:32 of 2nd period - Shot Misses the Net.
12:48 of 2nd period - Brian McGrattan is hit by Lee Stempniak and loses puck.
12:53 of 2nd period - Wrist shot by Alex Pietrangelo.
12:53 of 2nd period - Stopped by Josh Tordjman without a rebound.
12:54 of 2nd period - Ryan Kesler wins face-off versus Nik Antropov in Penguins zone.
13:03 of 2nd period - Wrist shot by David Perron.
13:03 of 2nd period - Shot Misses the Net.
13:05 of 2nd period - Snap shot by Nik Antropov.
13:05 of 2nd period - Shot Misses the Net.
13:07 of 2nd period - Wrist shot by David Perron.
13:07 of 2nd period - Stopped by Josh Tordjman without a rebound.
13:08 of 2nd period - Ryan Kesler wins face-off versus Nik Antropov in Penguins zone.
13:15 of 2nd period - Slapshot by Drew Fata.
13:15 of 2nd period - Stopped by Josh Tordjman without a rebound.
13:16 of 2nd period - Nik Antropov wins face-off versus Ryan Kesler in Penguins zone.
13:47 of 2nd period - Backhand shot by Steven Stamkos.
13:47 of 2nd period - Shot Misses the Net.
13:49 of 2nd period - Slapshot by Dion Phaneuf.
13:49 of 2nd period - Deflect By Dustin Penner.
13:49 of 2nd period - Shot Misses the Net.
13:49 of 2nd period - Puck is out of play.
13:50 of 2nd period - Guillaume Latendresse wins face-off versus Ryan Kesler in Blues zone.
14:03 of 2nd period - Snap shot by Ryan Kesler.
14:03 of 2nd period - Stopped by Tuukka Rask without a rebound.
14:04 of 2nd period - Nik Antropov wins face-off versus Ryan Kesler in Blues zone.
14:06 of 2nd period - Minor Penalty to Alex Pietrangelo for High sticking.
14:07 of 2nd period - Simon Gagné wins face-off versus Nik Antropov in Blues zone.
14:23 of 2nd period - Snap shot by Nathan Horton.
14:23 of 2nd period - Stopped by Tuukka Rask with a rebound.
14:33 of 2nd period - Jake Gardiner is hit by Bobby Ryan and loses puck.
14:40 of 2nd period - Snap shot by Steven Stamkos.
14:40 of 2nd period - Goal by Steven Stamkos - Blues : 2 - Penguins : 2.
14:41 of 2nd period - Ryan Kesler wins face-off versus Darren Reid in neutral zone.
15:07 of 2nd period - Steven Stamkos is hit by Joe Pavelski and loses puck.
15:12 of 2nd period - Wrist shot by David Perron.
15:12 of 2nd period - Deflect By Joe Pavelski.
15:12 of 2nd period - Shot Blocked by Dustin Penner.
15:12 of 2nd period - Puck is out of play.
15:13 of 2nd period - Steven Stamkos wins face-off versus Nik Antropov in Penguins zone.
15:13 of 2nd period - Steven Stamkos is hit by Nik Antropov.
15:48 of 2nd period - Snap shot by Nicklas Backstrom.
15:48 of 2nd period - Shot Blocked by Brooks Orpik.
16:11 of 2nd period - Oleg Kvasha is hit by Sergei Shirokov and loses puck.
16:33 of 2nd period - Snap shot by Brooks Orpik.
16:33 of 2nd period - Stopped by Tuukka Rask without a rebound.
16:34 of 2nd period - Nik Antropov wins face-off versus Ryan Kesler in Blues zone.
16:34 of 2nd period - Nik Antropov is hit by Dion Phaneuf.
17:14 of 2nd period - Steve Sullivan is hit by Alex Pietrangelo and loses puck.
17:51 of 2nd period - Snap shot by Joe Pavelski.
17:51 of 2nd period - Stopped by Josh Tordjman with a rebound.
18:55 of 2nd period - Backhand shot by Bobby Ryan.
18:55 of 2nd period - Shot Misses the Net.
19:15 of 2nd period - Wrist shot by Ryan Kesler.
19:15 of 2nd period - Shot Hit the Post.
19:22 of 2nd period - Icing by Alex Pietrangelo.
19:23 of 2nd period - Denis Arkhipov wins face-off versus Travis Zajac in Blues zone.
19:24 of 2nd period - Snap shot by Ladislav Nagy.
19:24 of 2nd period - Stopped by Tuukka Rask with a rebound.
19:36 of 2nd period - Wrist shot by Paul Kariya.
19:36 of 2nd period - Shot Hit the Post.
19:38 of 2nd period - Slapshot by Alex Pietrangelo.
19:38 of 2nd period - Goal by Alex Pietrangelo - Blues : 3 - Penguins : 2.
19:39 of 2nd period - Ryan Kesler wins face-off versus Nik Antropov in neutral zone.
19:52 of 2nd period - Snap shot by Nik Antropov.
19:52 of 2nd period - Stopped by Josh Tordjman with a rebound.
Goals for this period are 1 for Blues vs 2 for Penguins.
Shots for this period are 16 for Blues vs 8 for Penguins.
3rd period
0:01 of 3rd period - Ryan Kesler wins face-off versus Nik Antropov in neutral zone.
0:12 of 3rd period - Slapshot by Joe Pavelski.
0:12 of 3rd period - Shot Blocked by Nathan Horton.
0:14 of 3rd period - Slapshot by Alex Pietrangelo.
0:14 of 3rd period - Shot Blocked by Dion Phaneuf.
0:34 of 3rd period - Snap shot by Steven Stamkos.
0:34 of 3rd period - Stopped by Tuukka Rask with a rebound.
0:46 of 3rd period - Minor Penalty to Darren Reid for Cross-checking.
0:47 of 3rd period - Nik Antropov wins face-off versus Ryan Kesler in Blues zone.
1:00 of 3rd period - Wrist shot by Ryan Kesler.
1:00 of 3rd period - Deflect By Simon Gagné.
1:00 of 3rd period - Stopped by Tuukka Rask without a rebound.
1:01 of 3rd period - Nik Antropov wins face-off versus Ryan Kesler in Blues zone.
1:32 of 3rd period - Slapshot by Dion Phaneuf.
1:32 of 3rd period - Shot Blocked by Alex Pietrangelo.
1:34 of 3rd period - Slapshot by Sean Zimmerman.
1:34 of 3rd period - Goal by Sean Zimmerman - Blues : 3 - Penguins : 3.
1:35 of 3rd period - Nik Antropov wins face-off versus Ryan Kesler in neutral zone.
1:49 of 3rd period - Snap shot by Simon Gagné.
1:49 of 3rd period - Shot Misses the Net.
1:51 of 3rd period - Wrist shot by Simon Gagné.
1:51 of 3rd period - Deflect By Lasse Kukkonen.
1:51 of 3rd period - Shot Misses the Net.
1:51 of 3rd period - Puck is out of play.
1:52 of 3rd period - Steven Stamkos wins face-off versus Nicklas Backstrom in Blues zone.
1:52 of 3rd period - Steven Stamkos is hit by Darren Reid.
2:03 of 3rd period - Snap shot by Steven Stamkos.
2:03 of 3rd period - Shot Misses the Net.
2:05 of 3rd period - Slapshot by Dion Phaneuf.
2:05 of 3rd period - Shot Misses the Net.
2:07 of 3rd period - Snap shot by Steven Stamkos.
2:07 of 3rd period - Shot Blocked by Alex Pietrangelo.
2:09 of 3rd period - Snap shot by Steven Stamkos.
2:09 of 3rd period - Stopped by Tuukka Rask without a rebound.
2:10 of 3rd period - Ryan Kesler wins face-off versus Nik Antropov in Blues zone.
2:13 of 3rd period - Slapshot by Simon Gagné.
2:13 of 3rd period - Stopped by Tuukka Rask without a rebound.
2:14 of 3rd period - Simon Gagné wins face-off versus Nik Antropov in Blues zone.
2:15 of 3rd period - Snap shot by Nathan Horton.
2:15 of 3rd period - Deflect By Ryan Kesler.
2:15 of 3rd period - Shot Blocked by Jake Gardiner.
2:15 of 3rd period - Puck is out of play.
2:16 of 3rd period - Simon Gagné wins face-off versus Nik Antropov in Blues zone.
2:45 of 3rd period - Backhand shot by Bobby Ryan.
2:45 of 3rd period - Shot Misses the Net.
2:47 of 3rd period - Slapshot by Sean Zimmerman.
2:47 of 3rd period - Shot Blocked by Drew Fata.
2:49 of 3rd period - Snap shot by Dustin Penner.
2:49 of 3rd period - Stopped by Tuukka Rask without a rebound.
2:50 of 3rd period - Nik Antropov wins face-off versus Bobby Ryan in Blues zone.
3:15 of 3rd period - Nathan Horton is hit by Nicklas Backstrom and loses puck.
3:40 of 3rd period - Snap shot by Guillaume Latendresse.
3:40 of 3rd period - Shot Misses the Net.
4:00 of 3rd period - Wrist shot by Brian McGrattan.
4:00 of 3rd period - Stopped by Tuukka Rask without a rebound.
4:01 of 3rd period - Nik Antropov wins face-off versus Ryan Kesler in Blues zone.
4:03 of 3rd period - Minor Penalty to David Perron for Hooking.
4:04 of 3rd period - Nik Antropov wins face-off versus Ryan Kesler in Blues zone.
4:16 of 3rd period - Snap shot by Nathan Horton.
4:16 of 3rd period - Shot Misses the Net.
4:18 of 3rd period - Slapshot by Dion Phaneuf.
4:18 of 3rd period - Deflect By Nathan Horton.
4:18 of 3rd period - Stopped by Tuukka Rask without a rebound.
4:19 of 3rd period - Nik Antropov wins face-off versus Ryan Kesler in Blues zone.
4:27 of 3rd period - Off-side.
4:28 of 3rd period - Ryan Kesler wins face-off versus Nik Antropov in neutral zone.
4:31 of 3rd period - Snap shot by Dion Phaneuf.
4:31 of 3rd period - Stopped by Tuukka Rask with a rebound.
4:35 of 3rd period - Snap shot by Nathan Horton.
4:35 of 3rd period - Shot Misses the Net.
4:39 of 3rd period - Slapshot by Ryan Kesler.
4:39 of 3rd period - Shot Blocked by Alex Pietrangelo.
4:41 of 3rd period - Slapshot by Dion Phaneuf.
4:41 of 3rd period - Shot Blocked by Bryce Lampman.
4:43 of 3rd period - Slapshot by Sean Zimmerman.
4:43 of 3rd period - Stopped by Tuukka Rask without a rebound.
4:44 of 3rd period - Nik Antropov wins face-off versus Nathan Horton in Blues zone.
4:44 of 3rd period - Nik Antropov is hit by Simon Gagné.
5:08 of 3rd period - Nik Antropov is hit by Bobby Ryan and loses puck.
5:32 of 3rd period - Off-side.
5:33 of 3rd period - Tyler Arnason wins face-off versus Ryan Kesler in neutral zone.
5:42 of 3rd period - Slapshot by Tyler Arnason.
5:42 of 3rd period - Shot Misses the Net.
5:58 of 3rd period - Lasse Kukkonen is hit by Dion Phaneuf and loses puck.
6:03 of 3rd period - Penalty to David Perron is over, David Perron is back on ice.
6:50 of 3rd period - Ryan Kesler is hit by Nicklas Backstrom and loses puck.
7:07 of 3rd period - Off-side.
7:08 of 3rd period - Steven Stamkos wins face-off versus Travis Zajac in neutral zone.
7:08 of 3rd period - Steven Stamkos is hit by Paul Kariya.
7:24 of 3rd period - Snap shot by Bobby Ryan.
7:24 of 3rd period - Shot Blocked by Jake Gardiner.
7:30 of 3rd period - Minor Penalty to Paul Kariya for Hooking.
7:31 of 3rd period - Nathan Horton wins face-off versus Nik Antropov in Blues zone.
9:30 of 3rd period - Penalty to Paul Kariya is over, Paul Kariya is back on ice.
9:30 of 3rd period - Slapshot by Alex Pietrangelo.
9:30 of 3rd period - Deflect By Steven Stamkos.
9:30 of 3rd period - Stopped by Josh Tordjman with a rebound.
9:33 of 3rd period - Icing by Duncan Keith.
9:34 of 3rd period - Nik Antropov wins face-off versus Steven Stamkos in Penguins zone.
9:35 of 3rd period - Slapshot by David Perron.
9:35 of 3rd period - Shot Misses the Net.
9:49 of 3rd period - Slapshot by Alex Pietrangelo.
9:49 of 3rd period - Stopped by Josh Tordjman with a rebound.
10:11 of 3rd period - Bryce Lampman is hit by Denis Arkhipov and loses puck.
11:29 of 3rd period - Alex Pietrangelo is hit by Steve Sullivan and loses puck.
11:30 of 3rd period - Alex Pietrangelo from Blues is injured at 11:30 of 3rd period (Strained Right Knee).
11:31 of 3rd period - Ryan Kesler wins face-off versus Nik Antropov in Blues zone.
12:10 of 3rd period - Minor Penalty to Darren Reid for Roughing.
12:11 of 3rd period - Nik Antropov wins face-off versus Ryan Kesler in Blues zone.
12:25 of 3rd period - Nik Antropov is hit by Nathan Horton and loses puck.
12:46 of 3rd period - Sergei Shirokov is hit by Steven Stamkos and loses puck.
13:25 of 3rd period - Icing by Dion Phaneuf.
13:26 of 3rd period - Nik Antropov wins face-off versus Steven Stamkos in Penguins zone.
14:10 of 3rd period - Penalty to Darren Reid is over, Darren Reid is back on ice.
14:24 of 3rd period - Snap shot by Nicklas Backstrom.
14:24 of 3rd period - Stopped by Josh Tordjman with a rebound.
14:43 of 3rd period - Slapshot by Duncan Keith.
14:43 of 3rd period - Shot Misses the Net.
15:05 of 3rd period - Snap shot by Tyler Arnason.
15:05 of 3rd period - Stopped by Josh Tordjman without a rebound.
15:06 of 3rd period - Tyler Arnason wins face-off versus Steven Stamkos in Penguins zone.
15:09 of 3rd period - Wrist shot by Taylor Pyatt.
15:09 of 3rd period - Shot Misses the Net.
15:39 of 3rd period - Taylor Pyatt is hit by Brendan Smith and loses puck.
16:14 of 3rd period - Wrist shot by Tyler Arnason.
16:14 of 3rd period - Shot Misses the Net.
16:16 of 3rd period - Snap shot by Lee Stempniak.
16:16 of 3rd period - Shot Misses the Net.
16:30 of 3rd period - Snap shot by Tyler Arnason.
16:30 of 3rd period - Stopped by Josh Tordjman with a rebound.
16:32 of 3rd period - Snap shot by Lee Stempniak.
16:32 of 3rd period - Shot Misses the Net.
16:34 of 3rd period - Slapshot by Ryan Whitney.
16:34 of 3rd period - Stopped by Josh Tordjman without a rebound.
16:35 of 3rd period - Travis Zajac wins face-off versus Oleg Kvasha in Penguins zone.
17:00 of 3rd period - David Perron is hit by Brooks Orpik and loses puck.
17:05 of 3rd period - Snap shot by Ryan Kesler.
17:05 of 3rd period - Shot Misses the Net.
17:07 of 3rd period - Snap shot by Ryan Kesler.
17:07 of 3rd period - Stopped by Tuukka Rask without a rebound.
17:08 of 3rd period - Ryan Kesler wins face-off versus Travis Zajac in Blues zone.
17:15 of 3rd period - Snap shot by Ryan Kesler.
17:15 of 3rd period - Stopped by Tuukka Rask without a rebound.
17:16 of 3rd period - Travis Zajac wins face-off versus Ryan Kesler in Blues zone.
17:48 of 3rd period - Sean Zimmerman is hit by Lasse Kukkonen and loses puck.
18:09 of 3rd period - Snap shot by Ladislav Nagy.
18:09 of 3rd period - Stopped by Tuukka Rask with a rebound.
18:31 of 3rd period - Snap shot by Travis Zajac.
18:31 of 3rd period - Shot Blocked by Sean Zimmerman.
18:33 of 3rd period - Snap shot by Sergei Shirokov.
18:33 of 3rd period - Blues goal is going for a video replay.
18:33 of 3rd period - The goal is good.
18:33 of 3rd period - Goal by Sergei Shirokov - Blues : 4 - Penguins : 3.
18:34 of 3rd period - Travis Zajac wins face-off versus Oleg Kvasha in neutral zone.
18:39 of 3rd period - Snap shot by Paul Kariya.
18:39 of 3rd period - Shot Misses the Net.
18:41 of 3rd period - Slapshot by Lasse Kukkonen.
18:41 of 3rd period - Deflect By Brooks Orpik.
18:41 of 3rd period - Stopped by Josh Tordjman with a rebound.
18:43 of 3rd period - Snap shot by Sergei Shirokov.
18:43 of 3rd period - Shot Blocked by Duncan Keith.
18:45 of 3rd period - Slapshot by Bryce Lampman.
18:45 of 3rd period - Deflect By Travis Zajac.
18:45 of 3rd period - Shot Misses the Net.
18:45 of 3rd period - Puck is out of play.
18:46 of 3rd period - Bryan Murray call a timeout for Penguins.
18:46 of 3rd period - Nik Antropov wins face-off versus Ryan Kesler in Penguins zone.
18:47 of 3rd period - Wrist shot by Joe Pavelski.
18:47 of 3rd period - Stopped by Josh Tordjman without a rebound.
18:48 of 3rd period - Nik Antropov wins face-off versus Ryan Kesler in Penguins zone.
19:09 of 3rd period - Slapshot by Joe Pavelski.
19:09 of 3rd period - Shot Blocked by Ryan Kesler.
19:11 of 3rd period - Snap shot by Bryce Lampman.
19:11 of 3rd period - Shot Blocked by Sean Zimmerman.
19:21 of 3rd period - Snap shot by Guillaume Latendresse.
19:21 of 3rd period - Goal by Guillaume Latendresse - Blues : 5 - Penguins : 3.
19:22 of 3rd period - Travis Zajac wins face-off versus Oleg Kvasha in neutral zone.
19:35 of 3rd period - Wrist shot by Sergei Shirokov.
19:35 of 3rd period - Stopped by Josh Tordjman with a rebound.
19:37 of 3rd period - Slapshot by Lasse Kukkonen.
19:37 of 3rd period - Stopped by Josh Tordjman with a rebound.
Goals for this period are 2 for Blues vs 1 for Penguins.
Shots for this period are 12 for Blues vs 13 for Penguins.
Back to the Top